 Dungeon Crawl Stone Soup version 0.19.0-11-g3fc08b3 (webtiles) character file.

168 AAAAA the Slasher (level 5, 0/34 HPs)
             Began as an Octopode Warper on Nov 9, 2016.
             Succumbed to a kobold's poison
             ... on level 2 of the Dungeon.
             The game lasted 00:08:22 (1474 turns).

AAAAA the Slasher (Octopode Warper)                 Turns: 1474, Time: 00:08:22

Health: 0/34       AC:  1    Str: 10    XL:     5   Next: 49%
Magic:  8/8        EV: 13    Int: 21    God:
Gold:   107        SH:  0    Dex: 12    Spells: 3 memorised, 1 level left

rFire  . . .     SeeInvis +     a - +0 falchion
rCold  . . .     Gourm    .     (no shield)
rNeg   . . .     Faith    .     (helmet restricted)
rPois  .         Spirit   .     (no amulet)
rElec  .         Reflect  .     (no ring)
rCorr  .         Harm     .     (no ring)
MR     .....                    (no ring)
Stlth  ++........               (no ring)
                                (no ring)
                                (no ring)
                                (no ring)
                                (no ring)

@: brilliant, lethally poisoned (0 -> -5)
A: almost no armour, stealthy swim, amphibious, 8 rings, constrict 8, camouflage
1, see invisible, gelatinous body 1
a: no special abilities


You were on level 2 of the Dungeon.
You were not hungry.

You visited 1 branch of the dungeon, and saw 4 of its levels.

You collected 107 gold pieces.

Inventory:

Hand Weapons
 a - a +0 falchion (weapon)
 u - a +0 blowgun
Missiles
 d - 3 tomahawks of dispersal (quivered)
 j - 72 stones
Armour
 n - a +0 buckler
Scrolls
 c - a scroll of blinking
 e - 2 scrolls of enchant armour {unknown}
 g - 3 scrolls of identify {unknown}
 h - a scroll of immolation {unknown}
 i - a scroll of recharging {unknown}
 m - a scroll of teleportation {unknown}
 o - a scroll of magic mapping {unknown}
 p - 2 scrolls of remove curse {unknown}
 q - a scroll of random uselessness {unknown}
 v - a scroll of fear {unknown}
Books
 b - a book of Spatial Translocations

   Spells                             Type                      Level
   a - Blink                          Translocation                2
   b - Shroud of Golubria             Charms/Translocation         2
   c - Lesser Beckoning               Translocation                3
   d - Portal Projectile              Translocation                3
   e - Teleport Other                 Translocation                3
   f - Passage of Golubria            Translocation                4
Comestibles
 f - 4 bread rations
 k - 4 chunks of flesh
 l - 2 beef jerkies
 s - 3 fruits


   Skills:
 - Level 2.0 Fighting
 + Level 5.5 Long Blades
 - Level 1.0 Throwing
 - Level 2.3 Dodging
 - Level 2.0 Spellcasting
 - Level 3.0 Translocations


You had one spell level left.
You knew the following spells:

 Your Spells              Type           Power        Failure   Level  Hunger
a - Blink                 Tloc           N/A          1%          2    ##.....
b - Shroud of Golubria    Chrm/Tloc      ###.......   1%          2    ##.....
c - Teleport Other        Tloc           ####....     1%          3    ###....


Dungeon Overview and Level Annotations

Branches:
Dungeon (4/15)             Temple (0/1) D:4

Altars:

Annotations:
D:4 Morrissey's ghost, amateur MiFi; Robin


Innate Abilities, Weirdness & Mutations

You cannot wear most types of armour.
You are very stealthy in the water. (Stealth+)
You are amphibious.
You can wear up to eight rings at the same time.
You can use your tentacles to constrict eight enemies at once.
Your skin changes colour to match your surroundings (Stealth+).
Your rubbery body absorbs attacks. (AC +1, EV +1)
You have supernaturally acute eyesight. (SInv)


Message History

You feel sick.
It was a potion of beneficial mutation.
Your vision sharpens.
You feel fantastic! The leopard gecko misses you.
You riposte.
You hit the leopard gecko. Your grab misses the leopard gecko.
The leopard gecko is lightly wounded.
You hit the leopard gecko. Your grab misses the leopard gecko.
The leopard gecko is heavily wounded.
* * * LOW HITPOINT WARNING * * *
You feel sick. The leopard gecko bites you.
* * * LOW HITPOINT WARNING * * *
You completely miss the leopard gecko. Your grab misses the leopard gecko.
The leopard gecko is heavily wounded.
The leopard gecko bites you.
* * * LOW HITPOINT WARNING * * *
Okay, then.
You miss the leopard gecko. You grab the leopard gecko.
The leopard gecko is heavily wounded.
You constrict the leopard gecko.
You die...

#..........##.#
##########
#..........##.#
.........#
#..........##.#
.........#
######..<...........
.........#
#...............#.##
.........#
#..............##.#
.........#
#.......#########.#
.........# #.......#
..# .........#
#..@....# ..#
.........# #.l.....#
...#
.........#####.......#
....
............##.......#
.##.........##.......#
.##.........##.......#
.##...........###...##
.##................>#
....#######.........#


You could see a leopard gecko.

Vanquished Creatures
  Ijyb (D:2)
  An orc wizard (D:3)
  5 adders
  An adder skeleton (D:4)
  2 worms
  2 dart slugs
  6 orcs (D:3)
  5 bats
  6 goblins
  6 hobgoblins
  7 jackals
  2 ball pythons (D:2)
  4 frilled lizards
  5 kobolds
  5 rats
58 creatures vanquished.

Notes
Turn   | Place    | Note
-------+----------+-------------------------------------------
     0 | D:1      | AAAAA the Octopode Warper began the quest for the Orb.
     0 | D:1      | Reached XP level 1. HP: 14/14 MP: 3/3
   216 | D:1      | Reached XP level 2. HP: 11/19 MP: 5/5
   235 | D:1      | Learned a level 2 spell: Blink
   242 | D:1      | Learned a level 2 spell: Shroud of Golubria
   277 | D:1      | Reached skill level 3 in Long Blades
   462 | D:1      | Reached XP level 3. HP: 14/24 MP: 4/6
   694 | D:2      | Noticed Ijyb
   842 | D:2      | Killed Ijyb
   842 | D:2      | Reached skill level 4 in Long Blades
   842 | D:2      | Reached XP level 4. HP: 26/29 MP: 7/7
  1072 | D:3      | Learned a level 3 spell: Teleport Other
  1142 | D:4      | Found a staircase to the Ecumenical Temple.
  1142 | D:4      | Noticed Robin
  1142 | D:4      | Noticed an ogre
  1160 | D:3      | Reached skill level 5 in Long Blades
  1160 | D:3      | Reached XP level 5. HP: 5/34 MP: 8/8
  1412 | D:4      | Noticed Morrissey's ghost (amateur MiFi)
  1464 | D:3      | Noticed a phantom
  1471 | D:2      | Gained mutation: You have supernaturally acute eyesight. (SInv) [potion of beneficial mutation]
  1473 | D:2      | HP: 1/34 [leopard gecko (4)]
  1474 | D:2      | Succumbed to a kobold's poison

Skill      XL: |  1  2  3  4 |
---------------+-------------+-----
Long Blades    | 3 4 5 |  5.5
Fighting       | |  2.0
Throwing       | |  1.0
Dodging        | |  2.3
Spellcasting   | |  2.0
Translocations | |  3.0

Action                   |  1- 3 |  4- 6 || total
-------------------------+-------+-------++-------
Melee: Falchion          |    55 |    70 ||   125
       Constrict         |    18 |    23 ||    41
       Tentacles         |    11 |    10 ||    21
Throw: Tomahawk          |       |     2 ||     2
 Cast: Blink             |     2 |     2 ||     4
  Use: Potion            |       |     5 ||     5
 Stab: Sleeping          |     4 |     3 ||     7
  Eat: Chunk             |       |     2 ||     2
Armor: Skin              |     6 |     3 ||     9
Dodge: Dodged            |    42 |    37 ||    79
       Rpst.: Falchion   |    14 |    13 ||    27
